 Dungeon Crawl Stone Soup version 0.31-a0-640-g39d97e502b (webtiles) character file.

Game seed: 1687961546325918055

11 rvierbuc the Conjurer (level 2, 0/1 (22) HPs)
             Began as a Demonspawn Reaver on Aug 27, 2023.
             Succumbed to an adder's poison
             ... on level 2 of the Dungeon.
             The game lasted 00:01:46 (465 turns).

rvierbuc the Conjurer (Demonspawn Reaver)            Turns: 465, Time: 00:01:46

HP:   0/1 (22)      AC:  3    Str: 12    XL:     2   Next: 17%
MP:   3/5           EV:  8    Int: 14    God:
Gold: 43            SH:  0    Dex: 11    Spells: 4/5 levels left

rFire   . . .        a - +0 falchion
rCold   . . .        (no shield)
rNeg    . . .        b - +0 leather armour
rPois   .            (no helmet)
rElec   .            (no cloak)
rCorr   .            (no gloves)
SInv    .            (no boots)
Will    .....        (no amulet)
Stlth   +            (no ring)
HPRegen 0.20/turn    (no ring)
MPRegen 0.09/turn

%: no passive effects
@: lethally poisoned (0 -> -3), constricted, extremely drained
A: demonic touch 1
a: no special abilities


You were on level 2 of the Dungeon.
You visited 1 branch of the dungeon, and saw 2 of its levels.

You collected 43 gold pieces.

Inventory:

Hand Weapons
 a - a +0 falchion (weapon)
Armour
 b - a +0 leather armour (worn)
 i - an orb of light
Scrolls
 e - a scroll of fear {unknown}
 g - a scroll of identify {unknown}
Potions
 c - a potion of degeneration {unknown}
 d - 2 potions of ambrosia {unknown}
 f - 2 potions of enlightenment {unknown}
 h - a potion of heal wounds {unknown}
 j - a potion of might {unknown}


   Skills:
 + Level 2.1 Fighting
 + Level 2.9 Long Blades
 + Level 2.0 Dodging
 + Level 2.0 Spellcasting
 + Level 3.1 Conjurations


You had 4 spell levels left.
You knew the following spells:

 Your Spells              Type           Power      Damage    Failure   Level
a - Kiss of Death         Conj/Necr      20%        2d7       16%         1

Your spell library contained the following spells:

 Spells                   Type           Power      Damage    Failure   Level
 Momentum Strike          Conj/Tloc      10%        3d8       24%         2
 Hailstorm                Conj/Ice       5%         3d4       43%         3


Dungeon Overview and Level Annotations

Branches:
Dungeon (2/15)

Altars:


Innate Abilities, Weirdness & Mutations

Your touch may inflict minor irresistible damage on your foes.


Message History

The ball python constricts you.
You hit the ball python.
The ball python is severely wounded.
The ball python completely misses you. The ball python constricts you.
You barely miss the ball python.
The ball python is heavily wounded.
The ball python bites you. The ball python constricts you.
* * * LOW HITPOINT WARNING * * *
The adder completely misses you.
The ball python bites you but does no damage.
The ball python constricts you.
Casting: Kiss of Death (safe; 16% risk of failure)
Confirm with . or Enter, or press ? or * to list all spells.
Okay, then.
Unknown command.
You are too injured to fight recklessly!
Aiming: Kiss of Death (safe; 16% risk of failure)
Press: ? - help, Q - select action Shift-Dir - straight line, f - adder
Aim: an adder (100% to hit)
The negative energy hits the adder.
The adder is drained!
The adder is severely wounded.
You feel drained. The adder bites you.
You are lethally poisoned!
The adder poisons you! The ball python bites you.
The ball python constricts you. The adder bites you but does no damage.
Aiming: Kiss of Death (safe; 16% risk of failure)
Press: ? - help, Q - select action Shift-Dir - straight line, f/p - adder
Aim: an adder (severely wounded, heavily drained, 100% to hit)
The negative energy hits the adder.
The adder is drained!
You kill the adder!
You feel drained.
Ouch! That really hurt!
You die...

#
#############..
...............
#..<.......
#..........
#..@......[
#..S†......
#..........
#........).
##..#######
#... .... ....


You could see a ball python.

Vanquished Creatures
  An adder (D:2)
  A dart slug (D:1)
  An endoplasm (D:1)
  3 hobgoblins
  A kobold (D:1)
  2 ball pythons (D:1)
9 creatures vanquished.

Notes
Turn   | Place    | Note
-------+----------+-------------------------------------------
     0 | D:1      | rvierbuc the Demonspawn Reaver began the quest for the Orb.
     0 | D:1      | Reached XP level 1. HP: 16/16 MP: 3/3
   260 | D:1      | Gained mutation: Your touch may inflict minor irresistible
                  | damage on your foes. [demonic ancestry]
   260 | D:1      | Reached XP level 2. HP: 7/7 MP: 0/5
   465 | D:2      | Succumbed to an adder's poison

Illustrated notes

Levels and vault maps discovered:
D:1:      lemuel_arrival_hallway, layout_rooms
D:2:      layout_rooms, hellmonk_ecumenical_altar_leap_of_faith

Skill      XL: |  1 |
---------------+----+-----
Dodging        | 2 |  2.0
Fighting       | |  2.1
Long Blades    | |  2.9
Spellcasting   | |  2.0
Conjurations   | |  3.1

Action                     || total
---------------------------++-------
  Melee: Falchion          ||     9
         Touch             ||     2
   Cast: Kiss of Death     ||     8
 Armour: Leather armour    ||     5
  Dodge: Dodged            ||    10

Table legend: (Time is in decaauts)
 A = Elapsed time spent in this place.
 B = Non-inter-level travel time spent in this place.
 C = Inter-level travel time spent in this place.
 D = Time resting spent in this place.
 E = Time spent auto-exploring this place.
 F = Levels seen in this place.
 G = Mean time per level.
                   A        B        C        D        E       F      G
               +--------+--------+--------+--------+--------+-----+--------+
         Total |    466 |    442 |     24 |      0 |    377 |   2 |  233.0 |
       Dungeon |    466 |    442 |     24 |      0 |    377 |   2 |  233.0 |
               +--------+--------+--------+--------+--------+-----+--------+

Top non-repeatable levels by time:
     D:1: 457 daAuts
     D:2: 8 daAuts
